 Dungeon Crawl Stone Soup version 0.23.0-2-g0fe3ce5905 (webtiles) character file.

Game seed: 17501570658661084229

318 Ivernyr the Changer (level 6, -3/30 HPs)
             Began as a Vine Stalker Transmuter on Feb 20, 2019.
             Slain by Edmund
             ... wielding a +0 flail of protection
              (8 damage)
             ... on level 5 of the Dungeon.
             The game lasted 00:16:22 (2664 turns).

Ivernyr the Changer (Vine Stalker Transmuter)       Turns: 2664, Time: 00:16:22

Health: -3/30      AC:  2    Str: 12    XL:     6   Next: 45%
Magic:  0/12       EV: 13    Int: 15    God:
Gold:   273        SH:  0    Dex: 15    Spells: 5/11 levels left

rFire    . . .     SeeInvis .     - Unarmed
rCold    . . .     Gourm    .   (no shield)
rNeg     + . .     Faith    .   b - +0 robe
rPois    .         Spirit   +   (no helmet)
rElec    .         Reflect  .   (no cloak)
rCorr    .         Harm     .   (no gloves)
MR       .....                  (no boots)
Stlth    +.........             (no amulet)
HPRegen  0.50/turn              i - ring of positive energy
MPRegen  0.13/turn              (no ring)

@: no status effects
A: fangs 2, regeneration 1, magic shield, antimagic bite, no potion heal 3, rot
immunity
a: no special abilities


You were on level 5 of the Dungeon.
You were hungry.

You visited 1 branch of the dungeon, and saw 5 of its levels.

You collected 273 gold pieces.

Inventory:

Missiles
 a - 23 arrows
Armour
 b - a +0 robe (worn)
Jewellery
 i - a ring of positive energy (left hand)
Wands
 o - a wand of paralysis (7)
 s - a wand of flame (18)
Scrolls
 c - a scroll of remove curse
 e - 4 scrolls of identify
 j - a scroll of blinking {unknown}
 l - a scroll of fear {unknown}
 n - a scroll of enchant weapon {unknown}
 t - a scroll of amnesia {unknown}
 u - a scroll of noise {unknown}
 v - a scroll of torment {unknown}
 w - a scroll of teleportation {unknown}
Potions
 f - 3 potions of agility {unknown}
 g - a potion of brilliance {unknown}
 h - 3 potions of heal wounds {unknown}
 k - a potion of mutation {unknown}
 m - 2 potions of might {unknown}
 p - 2 potions of lignification {unknown}
 q - a potion of flight {unknown}
 r - a potion of curing {unknown}
Comestibles
 d - 8 rations


   Skills:
 - Level 1.0 Fighting
 + Level 2.7 Dodging
 + Level 4.1 Unarmed Combat
 + Level 3.4 Spellcasting
 * Level 4.3 Transmutations


You had 5 spell levels left.
You knew the following spells:

 Your Spells              Type           Power        Failure   Level  Hunger
a - Beastly Appendage     Tmut           ###...       3%          1    None
b - Sticks to Snakes      Tmut           ###.....     4%          2    ##.....
c - Spider Form           Tmut/Pois      #.........   24%         3    ###....

Your spell library contained the following spells:

 Spells                   Type           Power        Failure   Level  Hunger
 Ice Form                 Ice/Tmut       #.......     61%         4    ####...
 Blade Hands              Tmut           ###.......   65%         5    ######.


Dungeon Overview and Level Annotations

Branches:
Dungeon (6/15)
 Temple: D:4-7

Altars:
Nemelex Xobeh

Shops:
D:6 }

Annotations:
D:5 Edmund, Pikel


Innate Abilities, Weirdness & Mutations

You have extremely sharp teeth.
Your natural rate of healing is unusually fast.
When hurt, damage is shared between your health and your magic reserves.
Your bite disrupts and absorbs the magic of your enemies.
Potions cannot restore your health.
You are immune to rotting.


Message History

Edmund is poisoned.
Your adder poisons Edmund!
You hit Pikel but do no damage.
Pikel looks as sick as possible!
Pikel is almost dead.
Your transformation has ended.
Your +0 robe unmelds from your body.
Pikel hits you with a +0 whip of electrocution!
* * * LOW HITPOINT WARNING * * *
Your adder closely misses Edmund.
Edmund misses you.
You barely miss Pikel.
Pikel is almost dead.
Your adder bites Edmund but does no damage.
Pikel hits you with a +0 whip of electrocution.
* * * LOW HITPOINT WARNING * * *
Edmund barely misses your adder.
You closely miss Pikel.
Pikel is almost dead.
Your adder closely misses Edmund.
Pikel misses you.
Your adder barely misses Edmund.
Edmund hits you with a +0 flail of protection!
You die...

#[...#.....# #.#.......#
##...###....###.#.#######
##.....#......p......#
#...........####.#.#.#
#..####.....# #.#.#
#...##...+#p# #.# #
#...##......# #.#
#...##.....p####@#
#..........pppK@S#
##.........#######.#
#####........p.@..#
##############.p.. .


You could see Edmund, Pikel, 4 slaves and a friendly adder.

Vanquished Creatures
  An ogre (D:6)
  A hound (D:3)
  An iguana (D:5)
  3 adders
  3 oozes (D:1)
  An adder zombie (D:5)
  3 worms (D:2)
  A dart slug (D:1)
  A leopard gecko (D:1)
  2 orcs (D:3)
  13 bats
  4 giant cockroaches
  12 goblins
  15 hobgoblins
  2 jackals (D:1)
  A kobold (D:3)
  3 frilled lizards
  12 rats
79 creatures vanquished.

Vanquished Creatures (collateral kills)
  An ogre (D:3)
1 creature vanquished.

Grand Total: 80 creatures vanquished

Notes
Turn   | Place    | Note
-------+----------+-------------------------------------------
     0 | D:1      | Ivernyr the Vine Stalker Transmuter began the quest for the
                  | Orb.
     0 | D:1      | Reached XP level 1. HP: 9/9 MP: 4/4
    22 | D:1      | Reached skill level 1 in Fighting
   175 | D:1      | Reached XP level 2. HP: 10/14 MP: 4/6
   179 | D:1      | Learned a level 2 spell: Sticks to Snakes
   523 | D:1      | Reached XP level 3. HP: 16/18 MP: 7/7
   528 | D:1      | Learned a level 3 spell: Spider Form
  1281 | D:2      | Gained mutation: Your natural rate of healing is unusually
                  | fast. [Vine Stalker growth]
  1281 | D:2      | Reached XP level 4. HP: 15/22 MP: 5/9
  1376 | D:2      | Found a sparkling altar of Nemelex Xobeh.
  2030 | D:3      | Noticed an ogre
  2042 | D:3      | Killed an ogre
  2042 | D:3      | Reached XP level 5. HP: 16/25 MP: 3/10
  2122 | D:3      | Found a faded altar of an unknown god.
  2357 | D:3      | You fall through a shaft for 3 floors!
  2357 | D:6      | Found Wyn Wodwis's Gadget Shoppe.
  2378 | D:6      | Noticed an ogre
  2398 | D:6      | Killed an ogre
  2398 | D:6      | Reached XP level 6. HP: 16/30 MP: 6/12
  2463 | D:5      | Entered Level 5 of the Dungeon
  2569 | D:5      | Noticed a slave
  2571 | D:5      | Noticed Pikel
  2572 | D:5      | Noticed a slave
  2573 | D:5      | Noticed a slave
  2574 | D:5      | Noticed Edmund
  2575 | D:5      | Noticed a slave
  2664 | D:5      | Slain by Edmund

Skill      XL: |  1  2  3  4  5 |
---------------+----------------+-----
Fighting       | 1 |  1.0
Dodging        | 2 |  2.7
Transmutations | 3 4 |  4.3
Spellcasting   | 3 |  3.4
Unarmed Combat | 4 |  4.1

Action                   |  1- 3 |  4- 6 || total
-------------------------+-------+-------++-------
Melee: Unarmed           |    96 |   170 ||   266
       Bite              |    19 |    29 ||    48
       Kick              |    10 |     6 ||    16
       Headbutt          |     1 |     9 ||    10
       Punch             |     1 |     2 ||     3
 Cast: Beastly Appendage |     5 |    11 ||    16
       Sticks to Snakes  |       |     6 ||     6
       Spider Form       |       |     4 ||     4
 Abil: End Transformatio |       |     1 ||     1
  Use: Scroll            |       |     2 ||     2
 Stab: Sleeping          |     2 |       ||     2
       Distracted        |       |     1 ||     1
  Eat: Chunk             |     1 |     5 ||     6
Armor: Robe              |    19 |    17 ||    36
       Skin              |       |     4 ||     4
Dodge: Dodged            |    65 |   119 ||   184
